← All builds
Tech / Armada / Economy first / OBSERVED BUILD

Fast fusion

Armada Tech (Eco) build order · Supreme Isthmus

Standard T2 rush economy build that adds an earlier Fusion Reactor around 8:52 to scale power sooner, with units fighting only on the team's own side afterward.

Usually first T2 con to Geo (82%)

#eco #t2 · 181 distinct matches · 63 players · 6% of Armada Tech games · team won 59% of 186 · Recently observed

THE CATCH, AND WHAT COMES WITH IT
  • Fusion ReactorFusion Reactor from 8:52 · 12% of role by thenOnly 12% of Tech games have it by then; others who build it get it around 11:21

Then transitions into anti-nuke (30% of army).

HOW TO PLAY IT

Key timing: Fusion Reactor by 10:00

  1. Run the standard T2 rush opening with Bot Lab then Advanced Bot Lab.
  2. Get the Advanced Bot Lab up on the usual fast timing.
  3. Upgrade to Advanced Metal Extractor on the normal schedule.
  4. Transition into the typical Citadel anti-nuke and Armageddon nuke silo army.
  5. Push an early Fusion Reactor, well ahead of the role's usual 12:03.

Phase by phase

TYPICAL OF ITS 181 GAMES · AGAINST STANDARD TECH
  1. 1
  2. 2
  3. 3
  4. 4
  5. 5
PLAY THE OPENING

Follow the example game's first 9:52 step by step: what to build now, what comes next, and where it goes. At 1× it keeps pace with your own game.

  1. 1

    Up to the Bot Lab

    Economy
    • Metal Extractor3Mex
    • Wind Turbine4Wind
    Order
    1. Bot LabBot Lab after 3 mex, 4 winddone ~1:16, middle half 1:09–1:30

    By 0:59 in all: 3 mex · 4 wind

    The example game in this phase · 3 steps
    1. Mex ×3
    2. Wind ×4
    3. Bot LabBot Labdone 1:17 · typical 1:16
  2. 2

    Bot Lab to Advanced Bot Lab

    Economy
    • Metal Extractor1Mex
    • Wind Turbine9Wind
    • Energy Storage1Energy storage
    Order
    1. Advanced Bot LabAdvanced Bot Lab after 4 mex, 12 wind, 3 con turretdone ~4:15, middle half 4:03–4:27
    Builders
    • Construction Turret3 Con turret
    • Lazarus4 Lazarus
    • Construction Bot2 Con bot
    • Construction Bot1 Con bot for allies

    Some games also: converter (46%)

    By 3:13 in all: 4 mex · 12 wind · 1 energy storage · 3 con turret

    The example game in this phase · 14 steps
    1. LazarusLazarus ×2
    2. Wind
    3. Construction BotCon botfor Air
    4. Construction BotCon bot
    5. Wind
    6. LazarusLazarus
    7. Con turret
    8. LazarusLazarus
    9. Mex
    10. Con turret
    11. Wind ×3
    12. Con turret
    13. Wind ×2
    14. Advanced Bot LabAdvanced Bot Labdone 4:30 · typical 4:15
  3. 3

    Advanced Bot Lab to 5:00

    Economy
    • Wind Turbine3Wind
    Order
    1. Bot LabEat Bot Lab
    Builders
    • Advanced Construction Bot1 T2 con bot for allies

    Some games also: converter (48%)

    By 5:00 in all: 4 mex · 17 wind · 2 converter · 1 energy storage · 3 con turret

    The example game in this phase · 7 steps
    1. Energy storage
    2. Converter ×2
    3. Wind ×3
    4. Bot LabEat Bot Labreclaimed for its metal
    5. Advanced Construction BotT2 con botfor Geo
    6. GunslingerGunslingerfor Ponddone 4:57
    7. Advanced Metal ExtractorT2 mexdone 5:17 · typical 5:20
  4. 4

    5:00 to Fusion Reactor

    Economy
    • Wind Turbine26Wind
    • Energy Converter3Converter+2 vs standard
    Order
    1. Fusion ReactorFusion Reactor after 4 mex, 43 wind, 7 converterdone ~10:12, middle half 9:51–10:42
    Builders
    • Butler8 Butler +3 vs standard
    • Advanced Construction Bot3 T2 con bot for allies
    • Advanced Construction Bot1 T2 con bot

    Some games also: con turret (49%)

    By 8:52 in all: 4 mex · 43 wind · 7 converter (standard 4) · 1 energy storage · 3 con turret

    The example game in this phase · 27 steps
    1. Advanced Construction BotT2 con botfor Air
    2. Advanced Metal ExtractorT2 mex ×2
    3. Advanced Construction BotT2 con botfor Geo sea
    4. ButlerButler ×3
    5. Con turret
    6. Advanced Metal ExtractorT2 mex
    7. ButlerButler
    8. Con turret
    9. ButlerButler ×2
    10. Con turret
    11. ButlerButler ×2
    12. Wind ×4
    13. Advanced Construction BotT2 con botfor Pond
    14. Wind ×5
    15. Advanced Construction BotT2 con botfor Beach sea
    16. Wind ×3
    17. Advanced Construction BotT2 con bot
    18. Wind ×9
    19. ButlerButler
    20. Wind ×2
    21. Converter
    22. Wind ×3
    23. ButlerButler
    24. Wind ×2
    25. Converter
    26. Wind ×3
    27. Fusion ReactorFusiondone 9:51 · typical 10:12
  5. 5

    Fusion Reactor to 15:00

    Economy
    • Wind Turbine86Wind−64 vs standard
    • Energy Converter48Converter
    Order
    1. Advanced Bot LabEat Advanced Bot Lab
    2. Fusion ReactorFusion after 86 wind, 17 converter, 7 con turretin 63% of games
    Builders
    • Construction Turret10 Con turret +3 vs standard

    Some games also: anti-nuke (48%) · Advanced Fusion Reactor (38%) · Aircraft Plant (38%) · metal storage (35%) · Butler (33%)

    The standard build makes here, this one skips: 6 Butler

    By 15:00 in all: 4 mex · 132 wind (standard 186) · 2 fusion · 55 converter · 1 energy storage · 1 metal storage

    The example game in this phase · 95 steps
    1. Wind
    2. Converter
    3. Wind ×3
    4. Converter ×2
    5. Wind ×3
    6. Converter
    7. Wind ×3
    8. Converter
    9. Wind ×3
    10. Converter ×2
    11. Wind ×2
    12. Advanced Bot LabEat Advanced Bot Labreclaimed for its metal
    13. Wind
    14. Converter
    15. Wind ×3
    16. Converter
    17. Con turret
    18. Wind ×2
    19. Converter
    20. Wind
    21. Converter
    22. Wind ×4
    23. Converter
    24. Wind ×2
    25. Converter
    26. Wind
    27. Advanced Fusion ReactorAdvanced Fusion Reactordone 13:11
    28. Con turret
    29. Wind ×2
    30. Converter ×2
    31. Wind ×2
    32. Con turret
    33. Wind
    34. Converter
    35. Wind ×3
    36. Con turret
    37. Converter
    38. Wind ×2
    39. Converter ×3
    40. Con turret
    41. Wind
    42. Converter ×3
    43. Wind
    44. Converter
    45. Wind ×2
    46. Converter ×4
    47. Wind
    48. Converter ×3
    49. Wind
    50. Converter ×3
    51. Wind
    52. Converter ×2
    53. Wind
    54. Converter ×3
    55. Wind
    56. Converter ×3
    57. Wind
    58. Converter ×2
    59. Wind
    60. Converter ×3
    61. Wind
    62. Converter ×3
    63. Wind
    64. Converter ×2
    65. Wind
    66. Converter ×2
    67. Wind
    68. Converter ×3
    69. Wind
    70. Converter ×2
    71. Wind
    72. Converter ×2
    73. Wind
    74. Converter ×3
    75. Wind
    76. Converter ×3
    77. Wind
    78. Converter ×3
    79. Wind
    80. Converter ×11
    81. CitadelAnti-nukedone 14:28
    82. Converter ×7
    83. Advanced Fusion ReactorAdvanced Fusion Reactor
    84. Converter ×6
    85. Con turret
    86. Converter ×4
    87. Con turret
    88. Converter ×4
    89. Con turret
    90. Converter ×2
    91. Con turret
    92. Converter ×3
    93. Con turret
    94. Converter ×34
    95. Con turret ×2

Counts are medians over the build's games: half of them build more, half fewer. The example game is [MooDeng]NongJohn's (38 OS, 12/10/2026); pick another.

Team trades

IN AT LEAST 30% OF ITS GAMES

You hand over

  • Construction Bot1 Con bot to Airfirst at 2:22 · in 84% of games
  • Advanced Construction Bot5 T2 con bot to Air or Pond or Beach seafirst at 4:47 · in 100% of games

You get

  • Hercules1 Light transport from Airfirst at 3:55 · in 85% of games

How it plays out

Typical game of this build against the role’s standard build, running totals by minute

  • This build
  • Standard tech

Metal produced

020k40k
0:005:0010:0015:00

metal

Enemy metal destroyed

050100150
0:005:0010:0015:00

metal

Own metal lost

050100150
0:005:0010:0015:00

metal

186 games.

Show as table
ByMetal produced: This buildMetal produced: Standard techEnemy metal destroyed: This buildEnemy metal destroyed: Standard techOwn metal lost: This buildOwn metal lost: Standard tech
1:003843830000
2:009179150000
3:00168816530000
4:00320831440000
5:00487948470000
6:00596258030000
7:00767472300000
8:00975890680000
9:0012179111910000
10:0015809135310000
11:0019815162450000
12:0023340196730000
13:0027140234610000
14:00309572734600074
15:003590631538010576130
WHAT THE NUMBERS SAY

Won more often than the standard build and pulled well ahead on metal production with almost no combat losses either way.

  • + Metal production at 15:00 reaches 36430 vs 31668 standard.
  • + Won more often than the standard build (60% vs 53%).
  • − Enemy metal destroyed by 15:00 is lower than standard (39 vs 266).
  • − Fusion push is purely economic, offering no early combat payoff.
THE EXAMPLE YOU ARE READING

[MooDeng]NongJohn

38.3 OS · 12/10/2026

Open source match ↗

2 received units
3739 metal received · 82759 energy received

Allied construction assistance is unknown. Timings are observations, not a promise of solo reproducibility.

Typical milestones

Bot Lab1:16Middle 50%: 1:09–1:30 · n=186
Advanced Bot Lab4:15Middle 50%: 4:03–4:27 · n=186
Advanced Metal Extractor5:20Middle 50%: 5:00–5:40 · n=186
Fusion Reactor10:12Middle 50%: 9:51–10:42 · n=173

Played most by

Teaner30games of this buildSyphos12games of this buildKOT_10games of this build[Grump]Grumpiness9games of this buildhaaven8games of this build